 Dungeon Crawl Stone Soup version 0.24-a0-769-g368c164 (webtiles) character file.

Game seed: 34264702565600403, levelgen mode: deterministic

448 BoppinsLewinski the Poker (level 7, -3/41 HPs)
             Began as a Tengu Gladiator on Oct 7, 2019.
             Killed by nerve-wracking pain
             ... invoked by an orc priest
              (7 damage)
             ... on level 4 of the Dungeon.
             The game lasted 00:07:58 (3528 turns).

BoppinsLewinski the Poker (Tengu Gladiator)         Turns: 3528, Time: 00:07:59

Health: -3/41      AC:  6    Str: 15    XL:     7   Next: 4%
Magic:  8/8        EV: 12    Int:  9    God:
Gold:   181        SH:  0    Dex: 16    Spells: 6/6 levels left

rFire    . . .     SeeInvis +   a - +0 trident
rCold    . . .     Gourm    .   (no shield)
rNeg     . . .     Faith    .   j - +0 scale mail
rPois    .         Spirit   .   c - +0 hat
rElec    .         Reflect  .   (no cloak)
rCorr    .         Harm     .   (no gloves)
MR       .....                  (boots unavailable)
Stlth    ..........             (no amulet)
HPRegen  0.13/turn              n - ring of see invisible
MPRegen  0.11/turn              (no ring)

@: no status effects
A: beak, talons 3, able to fly
a: Fly


You were on level 4 of the Dungeon.
You were hungry.

You visited 1 branch of the dungeon, and saw 4 of its levels.

You collected 181 gold pieces.

Inventory:

Hand Weapons
 a - a +0 trident (weapon)
Missiles
 d - 3 throwing nets (quivered)
Armour
 c - a +0 hat (worn)
 j - a +0 scale mail (worn)
 l - a cursed -1 chain mail
Jewellery
 i - an uncursed amulet of the gourmand {unknown}
 n - a ring of see invisible (left hand)
Wands
 g - a wand of polymorph (11)
Scrolls
 e - a scroll of magic mapping {unknown}
 h - 2 scrolls of remove curse
 m - a scroll of teleportation {unknown}
 p - a scroll of enchant weapon {unknown}
 q - a scroll of enchant armour {unknown}
 r - a scroll of random uselessness {unknown}
 s - a scroll of identify
 t - a scroll of fear {unknown}
Potions
 b - a potion of resistance {unknown}
 k - a potion of heal wounds {unknown}
 o - a potion of magic
Comestibles
 f - 10 rations


   Skills:
 + Level 3.5 Fighting
   Level 0.0 Maces & Flails
 * Level 5.8 Polearms
 - Level 2.0 Throwing
 + Level 3.0 Armour
 + Level 4.7 Dodging
 + Level 1.1 Evocations


You had 6 spell levels left.
You didn't know any spells.
Your spell library contained the following spells:

 Spells                   Type           Power        Failure   Level  Hunger
 Animate Skeleton         Necr           N/A          83%         1    ##.....
 Pain                     Necr           #...         83%         1    ##.....
 Regeneration             Chrm/Necr      #.........   99%         3    ####...
 Vampiric Draining        Necr           #.........   99%         3    ####...
 Animate Dead             Necr           N/A          100%        4    #####..


Dungeon Overview and Level Annotations

Branches:
Dungeon (4/15)
 Temple: D:4-7

Altars:
Elyvilon
Kikubaaqudgha
Vehumet

Annotations:
D:3 1 exclusion


Innate Abilities, Weirdness & Mutations

You have a beak for a mouth.
You have claws for feet.
You can fly continuously.


Message History

Aim: an orc priest, wieldin' a +0 trident an' wearin' a +0 leathar armour (severely wounded) Ye reach ta attack!
Ye barely miss tha orc priest.
Tha orc priest be severely wounded.
Tha orc priest casts a cantrip, but nuthin' happens.
Attack whom?
Press: ? - help, Dir - move target cursor, f/p - orc priest
Aim: an orc priest, wieldin' a +0 trident an' wearin' a +0 leathar armour (severely wounded) Ye reach ta attack!
Ye closely miss tha orc priest.
Tha orc priest be severely wounded.
Tha orc priest invokes tha aid o' Beogh against ye.
Pain shoots through yer body!
* * * LOW HITPOINT WARNIN'
* * * Attack whom?
Press: ? - help, Dir - move target cursor, f/p - orc priest
Aim: an orc priest, wieldin' a +0 trident an' wearin' a +0 leathar armour (severely wounded) Ye reach ta attack!
Ye barely miss tha orc priest.
Tha orc priest be severely wounded.
Tha orc priest invokes tha aid o' Beogh against ye.
Pain shoots through yer body!
Ye die...

#.......#.#..<........ #.#
#........#####........ #.#
#..................... #.#
#........####.#.##.... #.#
#.)).....# #.#....... #.#
#.###†#### #.###..... #.#
#.# #†................
#.###.# #..##########.....
###.....###@................
#.........#)###.......#.####
#.........o.# ......
#...o.....### .[...
###.####### .... #.# ... #.#
... .....


You could see an orc priest.

Vanquished Creatures
  A hound (D:4)
  2 orc wizards (D:3)
  A bullfrog skeleton (D:4)
  Jessica (D:2)
  4 worker ants
  7 gnolls
  4 adders
  2 worms
  A dart slug (D:1)
  3 leopard geckos
  13 orcs
  8 bats
  2 giant cockroaches
  7 hobgoblins
  13 jackals
  6 kobolds
  A quokka (D:2)
  3 frilled lizards
  10 goblins
  6 rats
95 creatures vanquished.

Notes
Turn   | Place    | Note
-------+----------+-------------------------------------------
     0 | D:1      | BoppinsLewinski the Tengu Gladiator began the quest for the
                  | Orb.
     0 | D:1      | Reached XP level 1. HP: 12/12 MP: 2/2
   162 | D:1      | Reached XP level 2. HP: 17/17 MP: 3/3
   428 | D:1      | Reached skill level 1 in Armour
   611 | D:2      | Reached XP level 3. HP: 21/21 MP: 4/4
   657 | D:2      | Found an ancient bone altar of Kikubaaqudgha.
   657 | D:2      | Found a white marble altar of Elyvilon.
   729 | D:2      | Reached skill level 4 in Polearms
   755 | D:2      | Reached XP level 4. HP: 12/27 MP: 5/5
  1061 | D:2      | Noticed Jessica
  1081 | D:2      | Killed Jessica
  1380 | D:2      | Gained mutation: You can fly continuously. [Tengu growth]
  1380 | D:2      | Reached XP level 5. HP: 22/32 MP: 6/6
  1724 | D:3      | Reached skill level 5 in Polearms
  1749 | D:3      | Found a radiant altar of Vehumet.
  2201 | D:3      | Reached XP level 6. HP: 33/37 MP: 7/7
  3306 | D:4      | Reached skill level 1 in Evocations
  3319 | D:4      | Reached XP level 7. HP: 32/41 MP: 8/8
  3528 | D:4      | Killed from afar by an orc priest

Levels and vault maps discovered:
D:1:      dpeg_arrival_long_road, layout_loops_ring
D:2:      layout_basic, grunt_temple_overflow_open, uniq_jessica
D:3:      layout_basic, vehumet_crystals
D:4:      layout_basic, nicolae_overflow_hidden_temple, first_ration,
          nicolae_xom_altar_mimics

Skill      XL: |  1  2  3  4  5  6 |
---------------+-------------------+-----
Armour         | 1 2 3 |  3.0
Polearms       | 4 5 |  5.8
Dodging        | 4 |  4.7
Fighting       | 3 |  3.5
Evocations     | 1 |  1.1
Throwing       | |  2.0

Action                   |  1- 3 |  4- 6 |  7- 9 || total
-------------------------+-------+-------+-------++-------
Melee: Trident           |    77 |   186 |    15 ||   278
       Peck              |     7 |    21 |       ||    28
       Kick              |    11 |    45 |     1 ||    57
Throw: Throwing net      |     2 |       |     1 ||     3
  Use: Potion            |     1 |     2 |     1 ||     4
       Scroll            |       |     3 |       ||     3
 Stab: Sleeping          |     1 |       |       ||     1
  Eat: Chunk             |       |     8 |       ||     8
Armor: Scale mail        |    11 |    46 |     3 ||    60
       Ring mail         |     1 |       |       ||     1
Dodge: Dodged            |    30 |    87 |       ||   117

Table legend:
 A = Non-vault XP
 B = Vault XP
 C = Vault XP percentage of total XP
 D = Non-vault monster count
 E = Vault monster count
 F = Vault count percentage of total count
                 A         B        C        D         E       F
            +---------+---------+-------+---------+---------+-------
      Total |     604 |      37 |   5.8 |      94 |       1 |   1.1
            +---------+---------+-------+---------+---------+-------
        D:1 |      32 |       0 |   0.0 |      18 |       0 |   0.0
        D:2 |     116 |      37 |  24.2 |      30 |       1 |   3.2
        D:3 |     194 |       0 |   0.0 |      26 |       0 |   0.0
        D:4 |     262 |       0 |   0.0 |      20 |       0 |   0.0
            +---------+---------+-------+---------+---------+-------
